 Dungeon Crawl Stone Soup version 0.26-a0-524-g073066f (webtiles) character file.

Game seed: 2356714515837724407

114 roflturtle the Gusty (level 4, -5/33 HPs)
             Began as a Demigod Air Elementalist on Aug 13, 2020.
             Slain by Menkaure (17 damage)
             ... on level 4 of the Dungeon.
             The game lasted 00:06:19 (2264 turns).

roflturtle the Gusty (Demigod Air Elementalist)     Turns: 2264, Time: 00:06:20

Health: -5/33      AC:  2    Str: 11    XL:     4   Next: 40%
Magic:  9/9        EV: 13    Int: 21    God:
Gold:   106        SH:  0    Dex: 16    Spells: 1/7 levels left

rFire    . . .     SeeInvis .   q - +2 mace (holy)
rCold    . . .     Faith    .   (no shield)
rNeg     . . .     Spirit   .   a - +0 robe
rPois    .         Reflect  .   (no helmet)
rElec    .         Harm     .   (no cloak)
rCorr    .                      (no gloves)
MR       .....                  b - -1 pair of boots (curse)
Stlth    +++.......             (no amulet)
HPRegen  0.11/turn              m - ring of stealth
MPRegen  0.11/turn              (no ring)

@: no status effects
A: high mp 1
a: no special abilities


You were on level 4 of the Dungeon.
You visited 1 branch of the dungeon, and saw 4 of its levels.

You collected 106 gold pieces.

Inventory:

Hand Weapons
 j - a +0 short sword
 q - a +2 mace of holy wrath (weapon)
Armour
 a - a +0 robe (worn)
 b - a cursed -1 pair of boots (worn)
Jewellery
 m - a ring of stealth (left hand)
 t - an uncursed ring of protection from magic {unknown}
Scrolls
 d - a scroll of blinking {unknown}
 e - 2 scrolls of immolation {unknown}
 h - 2 scrolls of identify {unknown}
 l - 3 scrolls of remove curse {unknown}
 r - a scroll of enchant armour {unknown}
Potions
 c - a potion of haste {unknown}
 f - 2 potions of heal wounds {unknown}
 g - a potion of invisibility {unknown}
 i - a potion of brilliance {unknown}
 k - a potion of magic {unknown}
 n - 2 potions of flight {unknown}
 o - 2 potions of might {unknown}
 p - a potion of berserk rage {unknown}
 s - 3 potions of curing {unknown}


   Skills:
 - Level 2.0 Dodging
 - Level 3.0 Stealth
 - Level 2.0 Spellcasting
 + Level 2.8 Conjurations
 - Level 3.0 Air Magic


You had one spell level left.
You knew the following spells:

 Your Spells              Type           Power        Failure   Level
a - Shock                 Conj/Air       ##..         4%          1
b - Swiftness             Air            ###.....     6%          2
c - Static Discharge      Conj/Air       ##......     13%         3

Your spell library contained the following spells:

 Spells                   Type           Power        Failure   Level
 Airstrike                Air            ###.......   38%         4
 Lightning Bolt           Conj/Air       ##........   77%         5


Dungeon Overview and Level Annotations

Branches:
Dungeon (4/15)
 Temple: D:4-7

Annotations:
D:4 Menkaure


Innate Abilities, Weirdness & Mutations

You have an increased reservoir of magic. (+10% MP)


Message History

You hear the sound of rushing water.
There is an entrance to a sewer on this level.
Hurry and find it before the portal rusts away!
There is a stone staircase leading up here.
Found a fuming pink potion.
s - 3 fuming pink potions (gained 1)
You hear the slow hiss of a distant avalanche of sand.
You hear the slow rusting of a very distant drain.
You open the door.
An orc, an orc priest and Menkaure come into view.
Found a runed filigree amulet, 16 poisoned darts and 13 gold pieces.
An orc comes into view.
There is an open door here.
You close the door.
Menkaure opens the door.
Menkaure hits you!!
Ouch! That really hurt!
There is an open door, spattered with blood here.
You barely miss Menkaure. Menkaure hits you!
Ouch! That really hurt!
You die...

#.######.#########
#.##.............#
#........###.###.###
####.######..# ..
####.# ##.###.# #....#
#.....# #.#### ##.####
#.# #.# #.# #@# #.#
#M..# #.### #.....#
#...# #..."...#
##.#..# ##.........#
#.###....+.....($..+
####.#..####...oo....#
.......## ##......o##
#####..#


You could see Menkaure, an orc priest (asleep) and 2 orcs.

Vanquished Creatures
  An orc wizard (D:3)
  4 adders
  An ooze (D:2)
  A worm (D:2)
  A dart slug (D:2)
  3 orcs (D:3)
  3 giant cockroaches
  A goblin (D:2)
  4 hobgoblins
  7 jackals
  A kobold (D:2)
  4 bats
  A frilled lizard (D:1)
  5 rats
37 creatures vanquished.

Notes
Turn   | Place    | Note
-------+----------+-------------------------------------------
     0 | D:1      | roflturtle the Demigod Air Elementalist began the quest for
                  | the Orb.
     0 | D:1      | Reached XP level 1. HP: 14/14 MP: 5/5
    66 | D:1      | Reached skill level 1 in Conjurations
   692 | D:2      | Reached XP level 2. HP: 20/20 MP: 5/7
   696 | D:2      | Learned a level 2 spell: Swiftness
  1161 | D:2      | Reached XP level 3. HP: 26/26 MP: 4/8
  1166 | D:2      | Learned a level 3 spell: Static Discharge
  1418 | D:3      | Reached XP level 4. HP: 31/33 MP: 3/9
  2257 | D:4      | Noticed Menkaure
  2264 | D:4      | Slain by Menkaure

Illustrated notes

Levels and vault maps discovered:
D:1:      nzn_arrival_crosshair, layout_basic,
          wander_ebering_terrifying_dragon_lair
D:2:      layout_basic
D:3:      layout_loops_ring
D:4:      layout_loops_corners, serial_shops, nicolae_shop_trees,
          gup_sewer_entry_glass, enter_ossuary_5, minmay_statues_item,
          uniq_menkaure, uniq_natasha, uniq_edmund

Skill      XL: |  1  2  3 |
---------------+----------+-----
Conjurations   | 1 2 |  2.8
Stealth        | 2 3 |  3.0
Dodging        | 2 |  2.0
Spellcasting   | 2 |  2.0
Air Magic      | 3 |  3.0

Action                   |  1- 3 |  4- 6 || total
-------------------------+-------+-------++-------
Melee: Club              |    10 |       ||    10
       Short sword       |     5 |       ||     5
       Mace              |       |     9 ||     9
 Cast: Shock             |    48 |    22 ||    70
 Stab: Sleeping          |     2 |     3 ||     5
Armor: Robe              |     7 |     2 ||     9
Dodge: Dodged            |    16 |     6 ||    22

Table legend: (Time is in decaauts)
 A = Elapsed time spent in this place.
 B = Non-inter-level travel time spent in this place.
 C = Inter-level travel time spent in this place.
 D = Time resting spent in this place.
 E = Time spent auto-exploring this place.
 F = Levels seen in this place.
 G = Mean time per level.
                   A        B        C        D        E       F      G
               +--------+--------+--------+--------+--------+-----+--------+
         Total |   2267 |   2214 |     53 |      0 |   1893 |   4 |  566.8 |
       Dungeon |   2267 |   2214 |     53 |      0 |   1893 |   4 |  566.8 |
               +--------+--------+--------+--------+--------+-----+--------+

Top non-repeatable levels by time:
     D:3: 886 daAuts
     D:2: 728 daAuts
     D:1: 589 daAuts
     D:4: 62 daAuts
